 Dungeon Crawl Stone Soup version 0.27.1-34-g3ba077fa99 (webtiles) character file.

Game seed: 1780234738579330080

564 nenmyx the Chopper (level 7, -2/60 HPs)
             Began as a Hill Orc Fighter on Jan 17, 2022.
             Was a Believer of the Shining One.
             Succumbed to a scorpion's poison
             ... on level 6 of the Dungeon.
             The game lasted 00:17:20 (2124 turns).

nenmyx the Chopper (Hill Orc Fighter)               Turns: 2124, Time: 00:17:20

Health: -2/60      AC:  9    Str: 21    XL:     7   Next: 32%
Magic:  7/7        EV:  6    Int:  8    God:    the Shining One [**....]
Gold:   113        SH:  9    Dex: 10    Spells: 6/6 levels left

rFire    . . .     SeeInvis .   a - +0 war axe
rCold    . . .     Faith    .   c - +0 kite shield
rNeg     + . .     Spirit   .   h - +0 chain mail
rPois    .         Reflect  .   (no helmet)
rElec    .         Harm     .   (no cloak)
rCorr    .         Rampage  .   (no gloves)
Will     .....                  (no boots)
Stlth    ..........             (no amulet)
HPRegen  0.20/turn              (no ring)
MPRegen  0.10/turn              (no ring)

@: lethally poisoned (-2 -> -23), glowing
A: no striking features
a: Renounce Religion, Divine Shield


You were on level 6 of the Dungeon.
You worshipped the Shining One.
The Shining One was pleased with you.
You visited 1 branch of the dungeon, and saw 6 of its levels.

You collected 139 gold pieces.
You spent 26 gold pieces at shops.

Inventory:

Hand Weapons
 a - a +0 war axe (weapon)
 e - a +0 dagger
Missiles
 f - 29 arrows
Armour
 b - a +0 scale mail
 c - a +0 kite shield (worn)
 h - a +0 chain mail (worn)
 p - a +0 pair of boots
Wands
 i - a wand of charming (10)
Scrolls
 g - 2 scrolls of identify
 k - a scroll of enchant armour {unknown}
 l - a scroll of teleportation {unknown}
 m - a scroll of brand weapon
 q - a scroll of summoning {unknown}
 r - a scroll of enchant weapon {unknown}
Potions
 d - a potion of might
 j - a potion of heal wounds {unknown}
 n - a potion of curing {unknown}
 o - a potion of degeneration {unknown}
 s - a potion of magic {unknown}


   Skills:
 + Level 4.8 Fighting
 + Level 7.9 Axes
 + Level 4.2 Armour
 + Level 0.8 Dodging
 + Level 0.2 Stealth
 + Level 4.6 Shields


You had 6 spell levels left.
You didn't know any spells.
Your spell library contained the following spells:

 Spells                   Type           Power      Damage    Failure   Level
 Blink                    Tloc           N/A        N/A       100%        2
 Lesser Beckoning         Tloc           0%         N/A       100%        3
 Hailstorm                Conj/Ice       0%         3d3       100%        4
 Ice Form                 Ice/Tmut       0%         N/A       100%        4
 Manifold Assault         Tloc           0%         N/A       100%        5
 Summon Forest            Summ/Tloc      0%         N/A       100%        5
 Summon Mana Viper        Hex/Summ       0%         N/A       100%        5
 Shadow Creatures         Summ           N/A        N/A       100%        6
 Simulacrum               Ice/Necr       0%         N/A       100%        6


Dungeon Overview and Level Annotations

Branches:
Dungeon (6/15)
 Temple: D:4-7

Altars:
Makhleb
Zin
The Shining One

Shops:
D:1 *

Annotations:
D:4 2 transporters, AverageBear's ghost, amateur DDFi


Message History

You feel sick.
You feel sick.
You are no longer poisoned. 2 gnolls come into view.
The gnoll shouts! x2
A gnoll comes into view. It is wielding a +0 club.
A scorpion and an ogre come into view.
The ogre shouts!
The scorpion closely misses you.
You hit the scorpion.
The scorpion is lightly wounded.
You block the scorpion's attack.
You barely miss the scorpion.
The scorpion is lightly wounded.
The scorpion stings you but does no damage.
The scorpion closely misses you.
You slash the scorpion!
The scorpion is almost dead.
The scorpion barely misses you. The scorpion stings you.
You are poisoned.
The scorpion poisons you!
You hit the scorpion but do no damage.
The scorpion is almost dead.
You feel very sick. The scorpion stings you.
* * * LOW HITPOINT WARNING * * *
You are lethally poisoned!
The scorpion poisons you!
You barely miss the scorpion.
The scorpion is almost dead.
* * * LOW HITPOINT WARNING * * *
You feel very sick. The scorpion stings you.
* * * LOW HITPOINT WARNING * * *
You are more poisoned.
The scorpion poisons you!
The scorpion stings you but does no damage.
You barely miss the scorpion.
The scorpion is almost dead.
You die...

. .. .... .. ..
... ... #. #.#
...:#.####.#
...........#######
.....g............
.........Og#######
....###..#s#
###.#⌠#.##@#
#.###.##.# ####
#.....##.# ...#
###.(.##.#
#.#####...##.#
###..........#.#
#............#.#
#.........##.#.#
#.....######...#


You could see an ogre, a scorpion and a gnoll.

Vanquished Creatures
  An ice beast (D:6)
  2 necrophages
  A phantom (D:4)
  A scorpion (D:6)
  A bullfrog zombie (D:5)
  An iguana (D:5)
  Terence (D:2)
  2 adders (D:3)
  A shadow imp (D:6)
  3 dart slugs
  4 orcs (D:4)
  2 bats
  5 endoplasms
  A giant cockroach (D:3)
  8 goblins
  A hobgoblin (D:4)
  2 jackals (D:3)
  3 quokkas
  3 ball pythons
  A frilled lizard (D:2)
  A kobold (D:2)
  5 rats
50 creatures vanquished.

Vanquished Creatures (others)
  10 plants (D:4)
10 creatures vanquished.

Grand Total: 60 creatures vanquished

Notes
Turn   | Place    | Note
-------+----------+-------------------------------------------
     0 | D:1      | nenmyx the Hill Orc Fighter began the quest for the Orb.
     0 | D:1      | Reached XP level 1. HP: 19/19 MP: 1/1
   121 | D:1      | Reached XP level 2. HP: 25/27 MP: 2/2
   145 | D:1      | Found a faded altar of an unknown god.
   151 | D:1      | Became a worshipper of the Shining One
   151 | D:1      | Reached * piety under the Shining One
   342 | D:1      | Found Qiohaoj's General Store.
   352 | D:1      | Bought a +0 leather armour for 26 gold pieces
   633 | D:2      | Noticed Terence
   643 | D:2      | Killed Terence
   644 | D:2      | Reached skill level 3 in Axes
   644 | D:2      | Reached XP level 3. HP: 32/33 MP: 3/3
   979 | D:3      | Reached skill level 4 in Axes
   979 | D:3      | Reached XP level 4. HP: 40/40 MP: 4/4
  1406 | D:3      | Found a burning altar of Makhleb.
  1413 | D:3      | Found a glowing silver altar of Zin.
  1413 | D:3      | Noticed a green death
  1413 | D:3      | Noticed an angel
  1743 | D:4      | Noticed AverageBear's ghost (amateur DDFi)
  1746 | D:4      | Found a transporter.
  1746 | D:4      | Noticed an ogre
  1746 | D:4      | Identified the +8 dire flail of Haunted Conscience {vorpal,
                  | Int+3}
  1746 | D:4      | Noticed an ogre
  1768 | D:4      | Noticed a phantom
  1779 | D:4      | Killed a phantom
  1780 | D:4      | Reached skill level 5 in Axes
  1780 | D:4      | Reached XP level 5. HP: 45/46 MP: 5/5
  1786 | D:4      | Found a transporter.
  1853 | D:5      | Entered Level 5 of the Dungeon
  1931 | D:5      | Noticed a necrophage
  1942 | D:5      | Killed a necrophage
  1943 | D:5      | Reached skill level 6 in Axes
  1943 | D:5      | Reached XP level 6. HP: 53/53 MP: 6/6
  2049 | D:6      | Reached ** piety under the Shining One
  2052 | D:6      | Noticed a necrophage
  2059 | D:6      | Killed a necrophage
  2060 | D:6      | Reached skill level 7 in Axes
  2094 | D:6      | Noticed an ice beast
  2104 | D:6      | Reached XP level 7. HP: 29/60 MP: 7/7
  2124 | D:6      | Succumbed to a scorpion's poison

Illustrated notes

Levels and vault maps discovered:
D:1:      ncdulo_watergridlock, layout_loops_ring, serial_shops, shop,
          dreamdust_ecumenical_altar_angels_and_demons
D:2:      layout_basic, uniq_terence, uniq_jessica
D:3:      layout_loops_corners, grunt_temple_overflow_order_and_chaos_2,
          serial_rivers, chequers_serial_rivers_small_a,
          chequers_serial_rivers_marsh, chequers_serial_rivers_small_a,
          chequers_serial_rivers_room_b, chequers_serial_rivers_small_a
D:4:      layout_loops_ring, mainiacjoe_overflow_swirl, gammafunk_ghost_smash,
          supply_closet_lemuel, serial_bayou_lagoon_a, chequers_mini_garden,
          grunt_decor_mini_mirrors
D:5:      layout_basic, nicolae_shop_self_help
D:6:      layout_basic, fedhas_bush_and_centaur_altar,
          nicolae_overflow_hidden_temple, minmay_temple_entry_offerings,
          feat_on_display

Skill      XL: |  1  2  3  4  5  6 |
---------------+-------------------+-----
Axes           | 3 4 5 6 7 |  7.9
Fighting       | 4 |  4.8
Armour         | 4 |  4.2
Shields        | 4 |  4.6
Dodging        | |  0.8
Stealth        | |  0.2

Action                   |  1- 3 |  4- 6 |  7- 9 || total
-------------------------+-------+-------+-------++-------
Melee: War axe           |    54 |    79 |     9 ||   142
  Use: Scroll            |       |     3 |       ||     3
Armor: Scale mail        |     6 |       |       ||     6
       Chain mail        |    15 |    35 |     4 ||    54
Dodge: Dodged            |    10 |    14 |     3 ||    27
Block: Kite shield       |    27 |    54 |     2 ||    83
